Cogmind - Beta 13 @@@ ROGUE MODE // 2024.03.09 @ 22:38:59 Player: SX_7 Result: Smashed by cave-in Performance ------------- Evolutions (0) 0 Regions Visited (0) 0 Robots Destroyed (12) 60 Value Destroyed (65) 65 Prototype IDs (0) 0 Alien Tech Used (0) 0 Bonus (0) 0 TOTAL SCORE: 125 Bonus ------- None Cogmind --------- Core Integrity 0/250 Matter 300/300 Energy 98/100 System Corruption 12% Temperature Cool (0) Movement Core (50) Location -11/Scrapyard Parts ------- > --- POWER (1) -------- (None) > --- PROPULSION (2) --- (None) > --- UTILITY (2) ------ (None) > --- WEAPON (2) ------- (None) > --- INVENTORY (5) ---- Light Ion Engine Light Treads Aluminum Leg Aluminum Leg Mining Laser Peak State ------------ > --- POWER ------------ Light Ion Engine > --- PROPULSION ------- Light Treads Light Treads > --- UTILITY ---------- Small Storage Unit Seismic Detector > --- WEAPON ----------- Small Laser Assault Rifle > --- INVENTORY -------- Light Ion Engine EM Pulse Gun [Rating: 7] Favorites ----------- Power Light Ion Engine Engine Light Ion Engine Propulsion Light Treads Treads Light Treads Utility Small Storage Unit Device Seismic Detector Storage Small Storage Unit Weapon Small Laser Energy Gun Small Laser Ballistic Gun Assault Rifle Build | -11 ------- Run | Yrd Slots Evolved . | . Power . | . Propulsion . | . Utility . | . Weapon . | . Parts Attached 8 | 8 Power 1 | 1 Engine 1 | 1 Core . | . Reactor . | . Propulsion 2 | 2 Treads 2 | 2 Leg . | . Wheel . | . Hover . | . Flight . | . Utility 2 | 2 Device 1 | 1 Storage 1 | 1 Processor . | . Hackware . | . Protection . | . Artifact . | . Weapon 3 | 3 Energy Gun 2 | 2 Energy Cannon . | . Ballistic Gun 1 | 1 Ballistic Cannon . | . Launcher . | . Special Weapon . | . Impact Weapon . | . Slashing Weapon . | . Piercing Weapon . | . Special Melee Weapon . | . Unidentified Prototypes . | . Parts Lost 7 | 7 Power 1 | 1 Propulsion 1 | 1 Utility 2 | 2 Weapon 3 | 3 Highest Loss Streak 3 | 3 To Critical Strikes . | . Average Slot Usage (%) . | . Naked Turns . | . Heaviest Build 12 | 12 Greatest Support 40 | 40 Greatest Overweight (x) 3 | 3 Average Overweight (x) 1 | 1 Largest Inventory Capacity 8 | 8 Average Capacity 7 | 7 Most Carried 8 | 8 Average Carried 6 | 6 Final Capacity 5 | 5 Final Carried 5 | 5 Class Distribution -------------------- None Dominant Class ---------------- None Resources | -11 ----------- Run | Yrd Matter Collected 401 | 401 Remotely . | . Salvage Created 321 | 321 Parts 28 | 28 Haulers Intercepted . | . Recyclers Shooed 1 | 1 Parts Field Recycled . | . Retrieved Matter . | . Parts Self-Destructed . | . Prevented . | . Kills | -11 ------- Run | Yrd Combat Hostiles Destroyed . | . Classes Destroyed 3 | 3 Worker 3 | 3 Tunneler 8 | 8 Recycler 1 | 1 Best Kill Streak 5 | 5 Combat Bots Only . | . Max Kills in Single Turn 1 | 1 Gunslinging . | . Exploded . | . Melee . | . Uniques/NPCs Destroyed . | . Combat | -11 -------- Run | Yrd Hostile Shots Fired 7 | 7 Missed 1 | 1 Damage Taken 1053 | 1053 Core 262 | 262 Absorbed by Shields . | . Core Remaining (%) . | . Volleys Fired 28 | 28 Largest 2 | 2 Hottest 80 | 80 Shots Fired 56 | 56 Gun 56 | 56 Cannon . | . Launcher . | . Special . | . Kinetic 7 | 7 Thermal 28 | 28 Explosive . | . Electromagnetic 21 | 21 Robot Hit Streak 13 | 13 Robot Miss Streak 4 | 4 Penetration Max . | . Secondary Targets . | . Shots Hit Robots 34 | 34 Core Hits 14 | 14 Critical Kills . | . Critical Parts Destroyed . | . Critical Strikes . | . Melee Attacks . | . Impact . | . Slashing . | . Piercing . | . Sneak Attacks . | . Combat Hostiles . | . Follow-up Attacks . | . Damage Inflicted 471 | 471 Guns 404 | 404 Cannons . | . Explosions 53 | 53 Melee . | . Ramming 14 | 14 Kinetic 24 | 24 Thermal 246 | 246 Explosive . | . Electromagnetic 187 | 187 Impact . | . Slashing . | . Piercing . | . Highest Corruption 12 | 12 Average Corruption 3 | 3 Corruption Purged . | . Corruption Blocked . | . Effects 102 | 102 Message Errors 30 | 30 Matter Fused 18 | 18 Heat Flow Errors 13 | 13 Energy Discharges 13 | 13 Data Loss (minor) 14 | 14 Data Loss (major) 11 | 11 Misfires 2 | 2 Alerts 1 | 1 Overload Shots . | . Overflow Damage . | . Projectiles . | . Explosions . | . Melee . | . Knockbacks . | . Impact . | . Kinetic . | . Secondary . | . Self-Inflicted Damage 41 | 41 Shots 1 | 1 Rammed 4 | 4 Targets Rammed 4 | 4 Kicked . | . Crushed . | . Highest Temperature 254 | 254 Average Temperature 81 | 81 Received Heat Transfer . | . Effects 1 | 1 Energy Bleed 1 | 1 Siege Activations . | . Robots Corrupted . | . Combat Hostiles . | . Parts Fried . | . Impact Corruptions . | . Robots Melted . | . Combat Hostiles . | . Parts Melted . | . Heat Transferred 525 | 525 Parts Sabotaged . | . Parts Stolen . | . Parts Stripped . | . Power Chain Reactions 2 | 2 Alert | -11 ------- Run | Yrd Peak Influence 45 | 45 Initial . | . Average 10 | 10 Maximum Alert Level . | . Low Security (%) 100 | 100 Level 1 . | . Level 2 . | . Level 3 . | . Level 4 . | . Level 5 . | . High Security . | . Max Security . | . Squads Dispatched . | . Investigation . | . Extermination . | . Reinforcement . | . Assault . | . Garrison . | . Intercept . | . Searches Triggered . | . Construction Impeded . | . Haulers Reinforced . | . Active Scanning Responses . | . Cargo Convoy Interrupts . | . Stealth | -11 --------- Run | Yrd Distress Signals . | . Communications Jammed . | . Distress Signals . | . Times Spotted 2 | 2 Peak Tracking Total 2 | 2 Tactical Retreats . | . Traps | -11 ------- Run | Yrd Traps Triggered . | . Indirectly . | . Trap Hack Attempts . | . Triggered . | . Disarmed . | . Reprogrammed . | . Reused . | . Traps Extracted . | . Installed . | . Triggered . | . Machines | -11 ---------- Run | Yrd Machines Disabled . | . Max in Single Turn . | . Machines Repaired . | . Machines Dismantled . | . Machines Sabotaged . | . Overloaded Fab Kills . | . Hacking | -11 --------- Run | Yrd Machines Accessed . | . Terminals . | . Fabricators . | . Repair Stations . | . Recycling Units . | . Scanalyzers . | . Garrison Access . | . Total Hacks . | . Successful . | . Failed . | . Catastrophic . | . Database Lockouts . | . Manual . | . Terminals . | . Fabricators . | . Repair Stations . | . Recycling Units . | . Scanalyzers . | . Garrison Access . | . Terminal Hacks . | . Fabricator Hacks . | . Repair Station Hacks . | . Recycling Unit Hacks . | . Scanalyzer . | . Garrison Access Hacks . | . Unauthorized Hacks . | . Terminals . | . Fabricators . | . Repair Stations . | . Recycling Units . | . Scanalyzers . | . Garrison Access . | . Data Cores Recovered . | . Used . | . Hacking Detections . | . Full Trace Events . | . Feedback Events . | . Feedback Blocked . | . Robot Schematics Acquired . | . Robots Built . | . Authchips . | . Time . | . Total Robot Build Rating . | . Part Schematics Acquired . | . Parts Built . | . Authchips . | . Time . | . Total Part Build Rating . | . Parts Repaired . | . Time . | . Parts Recycled . | . Recycled Matter . | . Retrieved Matter . | . Retrieved Components . | . Parts Scanalyzed . | . Part Schematics Acquired . | . Parts Damaged . | . Bothacking | -11 ------------ Run | Yrd Used RIF Installer . | . Robots Hacked . | . Non-combat . | . Combat . | . Robot Hacks Applied . | . Relay Couplers Released . | . Fabnet Peak Effective % . | . Robots Rewired . | . Allies Hacked . | . Hacks Repelled . | . Allies | -11 -------- Run | Yrd Total Allies . | . Largest Group . | . Highest-Rated Group . | . Highest-Rated Ally . | . Total Orders . | . Ally Attacks . | . Total Damage . | . Kills . | . Allies Corrupted . | . Allies Melted . | . Intel | -11 ------- Run | Yrd Robot Analysis Total . | . Derelict Logs Recovered . | . Drone Launches . | . Drone Recoveries . | . Exploration | -11 ------------- Run | Yrd Turns Passed 6797 | 6797 Spaces Moved 2590 | 2590 Core 1404 | 1404 Treads 1186 | 1186 Legs . | . Wheels . | . Hover . | . Flight . | . Fastest Speed 50 | 50 Average Speed 177 | 177 Slowest Speed 200 | 200 Overloaded Moves . | . Propulsion Burnouts . | . Robots Hopped . | . Cave-ins Triggered 9 | 9 Exploration Rate (%) 82 | 82 Regions Visited . Branch Regions . Pre-discovered Areas . | . Known Exits Taken . | . Unknown Exits Taken . | . Scrap Searched . | . Spaces Dug . | . Terrain Destroyed 7 | 7 Melee . | . Projectile . | . AOE 7 | 7 Terrain Rammed . | . Walls Destroyed . | . Machines Disabled . | . Actions | -11 --------- Run | Yrd Total 4727 | 4727 Wait 2079 | 2079 Move 2582 | 2582 Hop . | . Pick Up 16 | 16 Fast Attach 1 | 1 Attach 7 | 7 Detach 1 | 1 Swap . | . Drop 2 | 2 Fire 28 | 28 Melee . | . Ram 4 | 4 Kick . | . Crush . | . Escape Stasis 7 | 7 Rewire . | . Trap . | . Miscellaneous . | . Route ------- -11/Scrapyard (discovered 1 exit: [*Mat]) History --------- Turn | Location | Event 11 | -11/Scrapyard | Discovered new exit (range 13) 1069 | -11/Scrapyard | Assembled infested the area 1440 | -11/Scrapyard | Crushed by falling debris 1471 | -11/Scrapyard | Lost 3 parts (1n1u1w) 6563 | -11/Scrapyard | Crushed by falling debris 6623 | -11/Scrapyard | Crushed by falling debris 6729 | -11/Scrapyard | Crushed by falling debris 6739 | -11/Scrapyard | Crushed by falling debris 6740 | -11/Scrapyard | Core integrity fell below 50% 6781 | -11/Scrapyard | Crushed by falling debris 6782 | -11/Scrapyard | System corruption reached 10% 6788 | -11/Scrapyard | Crushed by falling debris 6796 | -11/Scrapyard | Crushed by falling debris 6797 | -11/Scrapyard | Core integrity fell below 20% 6798 | -11/Scrapyard | Crushed by falling debris 6798 | -11/Scrapyard | Smashed by cave-in Last Messages --------------- 06739_ The unstable cave ceiling collapses. 06739_ Crushed by falling debris. 06739_ Sml. Storage Unit destroyed. 06739_ System corrupted by crushing effect (+1). 06739_ Wheel crushed. 06743_ System corrupted: Matter fused (-9). 06748_ Acquired 16 matter. 06781_ The unstable cave ceiling collapses. 06781_ Crushed by falling debris. 06781_ Lgt. Ion Engine destroyed. 06781_ System corrupted by crushing effect (+5). 06788_ The unstable cave ceiling collapses. 06788_ Crushed by falling debris. 06788_ EM Pulse Gun destroyed. 06788_ System corrupted by crushing effect (+1). 06789_ System corrupted: Substantial component data lost. 06796_ The unstable cave ceiling collapses. 06796_ Crushed by falling debris. 06798_ The unstable cave ceiling collapses. 06798_ Crushed by falling debris. Map ----- +----------------------------------------------------+ | ?????????????????????????????????????????????????? | | ???????????????????????????????????####??##??????? | | ??????????????????????????????????## "## ##?????? | | ??????????????????????????????????# " #?????? | | ??????????????????????????????????# " #?????? | | ??????????????????????????????????# " #?????? | | ???????????????????????????????????# " #?????? | | ???????????????????????????????????# " #?????? | | ???????????????????????????????????# ###?????? | | ?????????????????????????????????### ###??????? | | ??????????????????????????????#### #??????? | | #######??????????????????????## # #??????? | | # #??????????????????????# # #??????? | | ########???????????????# #??????? | | ## #???????????????# #??????? | | # #??????????????### # ##??????? | | # #???????????#### # ## ##??????? | | # #??????????## # #??????? | | # #??????????# #??????? | | # #??????????# #??????? | | # ###### ######?????????# ## # ###??????? | | #?????????# # ### ######????? | | #?????????### # #????? | | # ### ############# # #????? | | # # ### #????? | | # # #@# # #????? | | # # # # #????? | | # # ### # # #????? | | # # # # # #????? | | # | # # # # #????? | | #!% # ### # ###########????? | | # ! =# #####??# #????? | | # ############ #######?# #????# | | ##### # =# # # #?# ###### | | ##### ## #?# ## ## | | * !%= ### # #?# ## ## | | = = ! #?# # #?# ## ## | | ########### # % #?# # ###### ### # | | ??????????## #?# # # | | ??????????# #?# # # | | ??????????## # #?# # # ### ### # | | ????????#### # # # ####?# # ## ## ## | | #####???# %* ## ##????# # # ## ## ## | | #???# = # ##?????# # # ## ## ## | | #???# | %######### ####### ## ## ## | | ##### *%= = *%= ### ## ## | | ! | ######## | | |%= ### ############### # | | ##### = < # ## # # ## | | #???# # ## # # ## | +----------------------------------------------------+ Best States ------------- Heat Dissipation 25 Energy Generation 10 Energy Capacity 125 Matter Stores 300 Matter Capacity 300 Sight Range 16 Terrain Scan Density 10 Evasion (%) 50 Recoil Reduction 2 Item Schematics ----------------- None Robot Schematics ------------------ None Fabricated ------------ Nothing Alien Tech Used ----------------- None Achievements -------------- Curiosity Killed The Cat Challenges ------------ None Game ------ Seed RemoteBurstMaul Manual? 0 Play Time 00:20:02 Cumulative 23.3 hours Start 2024.03.09 @ 22:04:51 End 2024.03.09 @ 22:38:59 Sessions 0 Manual Loads 0 Difficulty Rogue Special Mode None Game No. 29 Rogue 28 Adventurer 1 Explorer 0 Win Type - Total 1 Types 1/0/0/0/0/0/0/0/0 Lore% 23 Gallery% 22 Achievement% 23 Wizard Run 0 Options --------- Layout 0 ASCII 0 Keyboard 0 Movement Arrows Keybinds 0 Fullscreen 1 Font 20/X11 Map View 66x50 Zoom Use 0% Tactical HUD 1 Map Filters NONE Filters SHIFT_HUE(10)|LOW_CONTRAST(6,12,16) Steam 1 RUN: 60012088-c217-454a-af0a-1a83505f4e69